Unix NetHack Version 5.0.0-0 post-release - last build May 23 2026 06:08:33 (1c0ff79ee797540d5714e4e18072db0edd9e58ae,branch:main).

Game began 2026-05-24 00:35:07, ended 2026-05-24 00:42:50.

ArrBianca, neutral female human Cavewoman

        ------
      ---.|..----
      |.........|
     --........- ---
    --........----h-----------      |
  | |.........%..@h.................|
  |.|......-------.-------     .....-
  |............- ---           ---
  |......<.---
  |.....).%..|
  |.....%%..)|
  --.......---
   --..-----
    |..
    ---

ArrBianca the Aborigine  St:18/06 Dx:11 Co:18 In:8 Wi:8 Ch:6  Neutral
Dlvl:4  $:24 HP:0(41) Pw:15(15) AC:4  Xp:4 T:972 

Latest messages:
 The dwarf hits!
 a - a +1 club (weapon in right hand).
 b - a +2 sling (alternate weapon; not wielded).
 You miss the dwarf.
 The dwarf thrusts her broad short sword.
 The dwarf hits!
 You miss the dwarf.
 The dwarf throws a dagger!
 The dagger misses the dwarf.
 A dagger misses you.
 The dwarf thrusts her broad short sword.
 The dwarf hits!
 What do you want to drink? [ir or ?*] ?
 You feel better.
 The dwarf thrusts her broad short sword.
 The dwarf misses!
 You miss the dwarf.
 The dwarf thrusts her broad short sword.
 The dwarf misses!
 You miss the dwarf.
 You miss the dwarf.
 You miss the dwarf.
 The dwarf thrusts her broad short sword.
 The dwarf misses!
 You miss the dwarf.
 You miss the dwarf.
 You miss the dwarf.
 The dwarf thrusts her broad short sword.
 The dwarf hits!
 You miss the dwarf.
 The dwarf thrusts her broad short sword.
 The dwarf misses!
 You miss the dwarf.
 You miss the dwarf.
 The dwarf thrusts her broad short sword.
 The dwarf hits!
 You miss the dwarf.
 The dwarf thrusts her broad short sword.
 The dwarf hits!
 You miss the dwarf.
 The dwarf thrusts her broad short sword.
 The dwarf hits!
 You miss the dwarf.
 The dwarf thrusts her broad short sword.
 The dwarf misses!
 You miss the dwarf.
 The dwarf thrusts her broad short sword.
 The dwarf hits!
 You die...
 Do you want your possessions identified? [ynq] (y) q

Inventory:
 Coins    ('$')
  $ - 24 gold pieces
 Weapons  (')')
  w - 5 rustproof +0 arrows
  b - a +2 sling (alternate weapon; not wielded)
  u - 3 +0 daggers
  j - a +0 elven spear
  a - a +1 club (weapon in right hand)
 Armor    ('[')
  z - an uncursed +0 pair of gauntlets of dexterity
  m - an uncursed +0 banded mail (being worn)
 Comestibles  ('%')
  n - 2 uncursed cream pies
  o - an uncursed food ration
  h - 2 uncursed lichen corpses
 Scrolls  ('?')
  v - an uncursed scroll of blank paper
 Potions  ('!')
  r - an uncursed potion of oil
 Rings    ('=')
  g - an uncursed ring of regeneration
  x - an uncursed ring of slow digestion
 Tools    ('(')
  l - an uncursed skeleton key
  t - a blessed tallow candle
 Gems/Stones  ('*')
  y - an uncursed worthless piece of yellow glass
  c - 14 uncursed flint stones
  d - 14 uncursed rocks (in quiver pouch)

ArrBianca the Cavewoman's attributes:

Background:
 You were an Aborigine, a level 4 human Cavewoman.
 You were neutral, on a mission for Ishtar
 who was opposed by Anu (lawful) and Anshar (chaotic).
 You were right-handed.
 You were in the Gnomish Mines, on level 4.
 You entered the dungeon 972 turns ago.
 It was the midnight hour.
 You had 155 experience points, 5 more were needed to attain level 5.

Basics:
 You had 0 out of 41 hit points.
 You had all 15 energy points (spell power).
 Your armor class was 4.
 Your wallet contained 24 zorkmids.
 Autopickup was on for '$?!/="+%' plus thrown, with exceptions.

Final Characteristics:
 Your strength was 18/06 (limit:18/100).
 Your dexterity was 11 (limit:18).
 Your constitution was 18 (limit:18).
 Your intelligence was 8 (limit:18).
 Your wisdom was 8 (limit:18).
 Your charisma was 6 (limit:18).

Final Status:
 You weren't hungry.
 You were unencumbered.
 You were wielding a club.
 You had basic skill with club.

Final Attributes:
 You were devoutly aligned.
 You were warded.
 You are dead.

Miscellaneous:
 You didn't encounter any bones levels.
 Total elapsed playing time was 7 minutes and 43 seconds.

Major events:
 Turn
    1: ArrBianca the neutral human Cavewoman entered the dungeon
  752: attained the rank of Aborigine (level 3)
  843: entered the Gnomish Mines
  972: killed by a dwarf

You didn't know any spells.

Skills:
 Fighting Skills
   bare handed combat [Basic]
 Weapon Skills
   dagger             [Unskilled]
   knife              [Unskilled]
   axe                [Unskilled]
   pick-axe           [Unskilled]
   club               [Basic]
   mace               [Unskilled]
   morning star       [Unskilled]
   flail              [Unskilled]
   hammer             [Unskilled]
   quarterstaff       [Unskilled]
   polearms           [Unskilled]
   spear              [Unskilled]
   trident            [Unskilled]
   bow                [Unskilled]
   sling              [Basic]
   boomerang          [Unskilled]
   unicorn horn       [Unskilled]
 Spellcasting Skills
   attack spells      [Unskilled]
   matter spells      [Unskilled]

Voluntary challenges:
 Character rerolling was not enabled.
 You were an atheist.
 You never had a pet.
 You never genocided any monsters.
 You never polymorphed an object.
 You never changed form.
 You used no wishes.
Achievements:
 You attained the rank of Aborigine.
 You entered the Gnomish Mines.

 The Dungeons of Doom: levels 1 to 4
    Level 1:
       A fountain, a sink, a grave.
    Level 2:
       A sink.
    Level 3:
       Stairs down to The Gnomish Mines.
    Level 4:
 The Gnomish Mines:
    Level 4: <- You were here.
       Final resting place for
          you, killed by a dwarf.


Vanquished creatures:
  a bugbear
  3 gnome leaders
  a floating eye
  2 coyotes
  6 gnomes
  a gnome zombie
  a gecko
  3 jackals
  3 kobolds
  a goblin
  a sewer rat
  a grid bug
  2 lichens
  a newt
27 creatures vanquished.

No species were genocided or became extinct.

Game over:
                       ----------
                      /          \
                     /    REST    \
                    /      IN      \
                   /     PEACE      \
                  /                  \
                  |    ArrBianca     |
                  |      24 Au       |
                  |   killed by a    |
                  |      dwarf       |
                  |                  |
                  |                  |
                  |       2026       |
                 *|     *  *  *      | *
        _________)/\\_//(\/(/\)/\//\/|_)_______

Goodbye ArrBianca the Cavewoman...

You died in The Gnomish Mines on dungeon level 4 with 842 points,
and 24 pieces of gold, after 972 moves.
You were level 4 with a maximum of 41 hit points when you died.

